 Dungeon Crawl Stone Soup version 0.25-a0-479-g8579842 (webtiles) character file.

Game seed: 10452956927111266961, levelgen mode: deterministic

47411 relicbr the Devastator (level 14, -4/86 HPs)
             Began as a Deep Elf Conjurer on Feb 7, 2020.
             Was an Elder of Sif Muna.
             Slain by a dire elephant (12 damage)
             ... on level 6 of the Lair of Beasts on Feb 9, 2020.
             The game lasted 01:18:38 (20668 turns).

relicbr the Devastator (Deep Elf Conjurer)         Turns: 20668, Time: 01:18:38

Health: -4/86      AC: 14    Str:  5    XL:     14   Next: 8%
Magic:  8/32       EV: 16    Int: 28    God:    Sif Muna [****..]
Gold:   765        SH:  0    Dex: 13    Spells: 19/37 levels left

rFire    . . .     SeeInvis .   R - +3 long sword of Springtime {vorpal, MR+ Int+2 Dex-2} (curse)
rCold    . . .     Gourm    .   (no shield)
rNeg     . . .     Faith    .   M - +1 leather armour {MR+}
rPois    .         Spirit   .   H - +1 helmet
rElec    .         Reflect  .   e - +1 cloak of Gurho {Regen+}
rCorr    .         Harm     .   V - +2 pair of gloves
MR       +++..                  E - +2 pair of boots
Stlth    ++........             (no amulet)
HPRegen  0.64/turn              B - ring of wizardry
MPRegen  0.23/turn              k - +4 ring of evasion

@: no status effects
A: no striking features
a: Channel Magic, Forget Spell, Divine Exegesis, Renounce Religion


You were on level 6 of the Lair of Beasts.
You worshipped Sif Muna.
Sif Muna was greatly pleased with you.
You were not hungry.

You visited 3 branches of the dungeon, and saw 18 of its levels.
You also visited: Ice Cave.

You collected 1024 gold pieces.
You spent 259 gold pieces at shops.

Inventory:

Hand Weapons
 a - a +2 dagger of venom
 R - the cursed +3 long sword of Springtime (weapon) {vorpal, MR+ Int+2 Dex-2}
   (You found it on level 2 of the Lair of Beasts)

   It inflicts extra damage upon your enemies.
   It affects your intelligence (+2).
   It affects your dexterity (-2).
   It affects your resistance to hostile enchantments.
   It has a curse placed upon it.
Missiles
 z - 31 poisoned darts
 N - 6 curare-tipped darts (quivered)
Armour
 e - the +1 cloak of Gurho (worn) {Regen+}
   (You found it on level 5 of the Dungeon)

   It increases your rate of regeneration.
   If you remove this armour, your AC will fall 2 points (14 -> 12)
 h - a +0 shield
 u - a scarf of resistance
 E - a +2 pair of boots (worn)
 H - a +1 helmet (worn)
 M - a +1 leather armour of magic resistance (worn)
 V - a +2 pair of gloves (worn)
Jewellery
 k - a +4 ring of evasion (right hand)
 n - an uncursed ring of fire
 y - an uncursed ring of flight
 A - an uncursed ring of resist corrosion
 B - a ring of wizardry (left hand)
 U - an uncursed ring of protection from cold
Wands
 g - a wand of paralysis (9)
 v - a wand of digging (6)
 x - a wand of flame (37)
 T - a wand of disintegration (5)
Scrolls
 f - a scroll of vulnerability
 m - 4 scrolls of teleportation
 o - 2 scrolls of blinking
 q - 3 scrolls of fear
 s - 3 scrolls of remove curse
 w - a scroll of enchant weapon
 G - a scroll of torment
 K - a scroll of fog
 O - a scroll of amnesia
 S - 3 scrolls of magic mapping
Potions
 d - a potion of agility {unknown}
 i - a potion of resistance
 j - 3 potions of might
 l - a potion of haste
 p - 4 potions of brilliance
 C - a potion of heal wounds {unknown}
 D - 4 potions of flight
 F - 8 potions of curing
 J - a potion of ambrosia {unknown}
 P - a potion of berserk rage {unknown}
 Q - a potion of magic {unknown}
Miscellaneous
 b - a phantom mirror
 t - a crystal ball of energy
 I - a lamp of fire
Comestibles
 c - 45 rations


   Skills:
 - Level 9.5 Fighting
 - Level 2.4 Dodging
 - Level 2.4 Stealth
 - Level 5.9 Shields
 - Level 12.1 Spellcasting
 * Level 16.2 Conjurations
 - Level 6.3 Charms
 - Level 10.1 Fire Magic
 - Level 5.4 Evocations


You had 19 spell levels left.
You knew the following spells:

 Your Spells              Type           Power        Failure   Level  Hunger
a - Magic Dart            Conj           ####         0%          1    None
b - Searing Ray           Conj           ######       0%          2    None
c - Conjure Flame         Conj/Fire      ######..     1%          3    None
d - Iskenderun's Battles  Conj/Chrm      ######..     1%          5    ###....
e - Orb of Destruction    Conj           #######...   2%          7    ######.

Your spell library contained the following spells:

 Spells                   Type           Power        Failure   Level  Hunger
 Infusion                 Chrm           ####         1%          1    None
 Shroud of Golubria       Chrm/Tloc      ####..       1%          2    None
 Song of Slaying          Chrm           ######..     1%          2    None
 Dazzling Flash           Conj/Hex       ######       1%          3    None
 Mephitic Cloud           Conj/Pois/Air  #####...     1%          3    None
 Ozocubu's Armour         Chrm/Ice       ####....     1%          3    None
 Spectral Weapon          Hex/Chrm       ####....     1%          3    None
 Stone Arrow              Conj/Erth      ######       1%          3    None
 Fulminant Prism          Conj/Hex       ######....   1%          4    None
 Iskenderun's Mystic Bla  Conj/Tloc      ######..     1%          4    None
 Bolt of Magma            Conj/Fire/Erth ######....   1%          5    ###....
 Animate Skeleton         Necr           N/A          2%          1    None
 Beastly Appendage        Tmut           ###...       2%          1    None
 Pain                     Necr           ###.         2%          1    None
 Sandblast                Erth           ###...       2%          1    None
 Passwall                 Tmut/Erth      ###.....     3%          2    None
 Poisonous Vapours        Pois/Air       ###...       3%          2    None
 Sticks to Snakes         Tmut           ###.....     3%          2    None
 Confusing Touch          Hex            ###.....     6%          3    None
 Gell's Gravitas          Tloc           ###.......   6%          3    None
 Spider Form              Tmut/Pois      ###.......   6%          3    None
 Vampiric Draining        Necr           ###.......   6%          3    None
 Conjure Ball Lightning   Conj/Air       ######....   12%         6    #####..
 Iron Shot                Conj/Erth      ######....   12%         6    #####..
 Animate Dead             Necr           N/A          21%         4    None
 Ice Form                 Ice/Tmut       ###.....     21%         4    None
 Petrify                  Tmut/Erth      ###.....     21%         4    None
 Summon Lightning Spire   Summ/Air       ###.....     21%         4    None
 Freezing Cloud           Conj/Ice/Air   #####.....   32%         6    #####..
 Agony                    Necr           ###.....     50%         5    ###....
 Blade Hands              Tmut           ###.......   50%         5    ###....
 Lee's Rapid Deconstruct  Erth           ###.......   50%         5    ###....
 Metabolic Englaciation   Hex/Ice        ###.......   50%         5    ###....
 Silence                  Hex/Air        ###.......   50%         5    ###....
 Yara's Violent Unravell  Hex/Tmut       ###.......   50%         5    ###....
 Ring of Flames           Chrm/Fire      ######....   50%         7    ######.
 Spellforged Servitor     Conj/Summ      ######....   52%         7    ######.
 Deflect Missiles         Chrm/Air       ####......   63%         6    #####..
 Tornado                  Air            ###.......   100%        9    #######


Dungeon Overview and Level Annotations

Branches:
Dungeon (11/15)            Temple (1/1) D:7            Lair (6/6) D:11
 Shoals (0/4) Lair:3        Snake (0/4) Lair:4        Slime (0/5) Lair:5
    Orc (0/2) D:10          IceCv (visited)

Altars:
Ashenzari
Cheibriados
Dithmenos
Elyvilon
Fedhas
Gozag
Hepliaklqana
Kikubaaqudgha
Makhleb
Nemelex Xobeh
Okawaru
Qazlal
Ru
Sif Muna
Trog
Uskayaw
Vehumet
Wu Jian
Xom
Yredelemnul
Zin
The Shining One
Jiyva

Shops:
D:9 *   D:10 !


Message History

Aim: a dire elephant (severely wounded, chance to defeat MR: 6%)
Okay, then.
Unknown command.
You are starving!
The dire elephant tramples you!!
You stumble backwards!
You don't have the energy to cast that spell.
You don't have the energy to cast that spell.
You eat one of the 46 rations.
That ration really hit the spot!
You feel less invigorated. The dire elephant tramples you!!
* * * LOW HITPOINT WARNING * * *
You stumble backwards!
Casting: Orb of Destruction (safe; 2% risk of failure)
Confirm with . or Enter, or press ? or * to list all spells.
Aiming: Orb of Destruction (safe; 2% risk of failure)
Press: ? - help, Shift-Dir - straight line, f/p - dire elephant
Aim: a dire elephant (severely wounded)
The wavering orb of destruction weakly hits the dire elephant!!
The dire elephant is almost dead.
The dire elephant tramples you!
You die...

..........#.8.##...........!.....
PP.......#.......................
P........#8.<....8.<.8..8...#....
.PP......#.....#.................
.##.P.....#.8.##............#....
.##PP.....#######..8...#..###....
..###............#.......####....
..##.............##........#.....
..##............@..#...8...+.....
................Y..#.......#.....
.###................##.....+.....
####.....#............##.........
...#....##......<..........#.....
.......##..P.....................
.....###....P....................
##..##.......P...................
.####.P..P..P...................)


You could see a dire elephant.

Vanquished Creatures
  Rupert (Lair:6)
  Gastronok (Lair:1)
  Nessos (Lair:6)
  The ghost of Calixtus the Carver, a journeyman DsFi of Hepliaklqana (Lair:1)
  7 hydras
  A catoblepas (Lair:6)
  A deep troll shaman (Lair:6)
  2 two-headed ogres
  Erica (D:11)
  6 death yaks
  Sonja (Lair:1)
  An oklob plant (Lair:3)
  A manticore (D:11)
  2 centaur zombies
  3 elephants (Lair:6)
  3 black mambas
  8 spiny frogs
  6 torpor snails
  3 komodo dragons
  A rime drake (Lair:5)
  2 ice devils (D:11)
  2 polar bears (Lair:5)
  A tengu conjurer (D:11)
  A queen bee (Lair:2)
  3 hippogriffs
  12 dream sheep
  Grinder (D:3)
  7 blink frogs (Lair:5)
  A shadow (D:7)
  A vampire (D:10)
  A wraith (D:10)
  A wyvern (Lair:3)
  35 yaks
  A basilisk (Lair:6)
  Eustachio (D:5)
  A hungry ghost (D:11)
  9 water moccasins
  5 porcupines
  4 ice beasts
  3 sky beasts
  8 orc warriors
  2 black bears
  2 phantoms
  A necrophage (D:6)
  4 ogres
  10 centaurs
  11 wolves
  7 crocodiles
  5 big kobolds
  9 bullfrogs
  3 scorpions
  24 killer bees (Lair:2)
  2 electric eels (D:10)
  9 crimson imps
  3 bullfrog zombies
  2 quasits
  11 orc priests
  A centaur skeleton (D:9)
  4 hounds
  Ijyb (D:4)
  Terence (D:3)
  2 iguanas (D:7)
  14 orc wizards
  6 worker ants
  A worker ant zombie (D:8)
  17 adders
  A shadow imp (D:8)
  An ooze (D:2)
  An adder zombie (D:8)
  5 worms
  2 dart slugs
  9 leopard geckos
  57 orcs
  2 giant cockroaches (D:1)
  7 goblins
  6 hobgoblins
  11 jackals
  13 kobolds
  3 quokkas
  2 ball pythons (D:3)
  6 bats
  2 frilled lizards (D:2)
  10 rats
  2 plants
443 creatures vanquished.

Vanquished Creatures (others)
  An orc wizard (D:10)
  21 fungi
  7 plants
29 creatures vanquished.

Grand Total: 472 creatures vanquished

Notes
Turn   | Place    | Note
-------+----------+-------------------------------------------
     0 | D:1      | relicbr the Deep Elf Conjurer began the quest for the Orb.
     0 | D:1      | Reached XP level 1. HP: 10/10 MP: 6/6
   235 | D:1      | Reached XP level 2. HP: 15/15 MP: 5/8
   375 | D:1      | Reached skill level 5 in Conjurations
   750 | D:1      | Reached XP level 3. HP: 16/19 MP: 7/9
  1488 | D:2      | Reached skill level 6 in Conjurations
  1495 | D:2      | Reached XP level 4. HP: 24/24 MP: 3/10
  1556 | D:2      | Learned a level 2 spell: Searing Ray
  2315 | D:2      | Found a glowing silver altar of Zin.
  2599 | D:3      | Noticed Grinder
  2873 | D:3      | Killed Grinder
  2873 | D:3      | Reached skill level 8 in Conjurations
  2873 | D:3      | Reached XP level 5. HP: 28/28 MP: 3/11
  2873 | D:3      | Reached XP level 6. HP: 32/32 MP: 3/12
  3472 | D:3      | Noticed Terence
  3477 | D:3      | Killed Terence
  3619 | D:4      | Reached skill level 9 in Conjurations
  3716 | D:4      | Noticed Ijyb
  3728 | D:4      | Killed Ijyb
  3728 | D:4      | Reached XP level 7. HP: 33/36 MP: 5/13
  3976 | D:4      | Found a glowing golden altar of the Shining One.
  3978 | D:4      | Found a snail-covered altar of Cheibriados.
  3988 | D:4      | Found a white marble altar of Elyvilon.
  4490 | D:4      | Reached skill level 10 in Conjurations
  4893 | D:5      | Entered Level 5 of the Dungeon
  5001 | D:5      | Got a warped cloak
  5007 | D:5      | Identified the +1 cloak of Gurho {Regen+} (You found it on
                  | level 5 of the Dungeon)
  5029 | D:5      | Reached skill level 5 in Spellcasting
  5071 | D:5      | Noticed Eustachio
  5089 | D:5      | Killed Eustachio
  5129 | D:5      | Reached XP level 8. HP: 41/41 MP: 9/20
  6105 | D:6      | Noticed a two-headed ogre
  6123 | D:6      | Killed a two-headed ogre
  6123 | D:6      | Reached XP level 9. HP: 20/45 MP: 15/26
  6330 | D:6      | Reached skill level 1 in Fighting
  7212 | D:7      | Found a staircase to the Ecumenical Temple.
  7332 | Temple   | Entered the Ecumenical Temple
  7370 | Temple   | Became a worshipper of Sif Muna the Loreminder
  7946 | D:8      | Reached skill level 5 in Fighting
  8450 | D:9      | Reached XP level 10. HP: 60/60 MP: 15/28
  8607 | D:9      | Reached * piety under Sif Muna
  8884 | D:9      | Noticed a three-headed hydra
  8905 | D:9      | Killed a three-headed hydra
  9257 | D:9      | Learned a level 3 spell: Conjure Flame
  9263 | D:9      | Reached skill level 1 in Fire Magic
  9303 | D:9      | Found Nydghomp's General Store.
  9306 | D:9      | Bought a +1 leather armour of magic resistance for 154 gold
                  | pieces
  9306 | D:9      | Bought a potion of curing for 33 gold pieces
  9472 | D:10     | Entered Level 10 of the Dungeon
  9782 | D:10     | Reached skill level 5 in Fire Magic
  9785 | D:10     | Reached ** piety under Sif Muna
 10179 | D:10     | Found Boytiemu's Distillery.
 10184 | D:10     | Bought a potion of curing for 36 gold pieces
 10184 | D:10     | Bought a potion of curing for 36 gold pieces
 10313 | D:10     | Reached XP level 11. HP: 69/69 MP: 21/29
 10809 | D:10     | Found a staircase to the Orcish Mines.
 10930 | D:10     | Got a translucent leather armour
 10941 | D:10     | Identified the cursed +1 leather armour "Notzaok" {*Drain
                  | rPois Str+5 Int-5} (You found it on level 10 of the
                  | Dungeon)
 11392 | D:11     | Noticed a two-headed ogre
 11403 | D:11     | Killed a two-headed ogre
 11465 | D:11     | Found a frozen archway.
 11489 | IceCv    | Entered an ice cave
 11489 | IceCv    | Noticed a white ugly thing
 11490 | IceCv    | Upgraded the game from 0.25-a0-474-ga8a2ee3 to
                  | 0.25-a0-478-g33c61bd
 11518 | D:11     | Reached *** piety under Sif Muna
 11841 | D:11     | Noticed Erica
 11851 | D:11     | Killed Erica
 12025 | D:11     | Reached skill level 10 in Fire Magic
 12206 | D:11     | Reached skill level 1 in Shields
 12445 | D:11     | Found a staircase to the Lair.
 12595 | Lair:1   | Entered Level 1 of the Lair of Beasts
 12634 | Lair:1   | Noticed a seven-headed hydra
 12644 | Lair:1   | Killed a seven-headed hydra
 12644 | Lair:1   | Reached skill level 1 in Evocations
 12789 | Lair:1   | Noticed Sonja
 12803 | Lair:1   | Killed Sonja
 12943 | Lair:1   | Noticed Gastronok
 12958 | Lair:1   | Killed Gastronok
 13066 | Lair:1   | Noticed a six-headed hydra
 13073 | Lair:1   | Killed a six-headed hydra
 13073 | Lair:1   | Reached XP level 12. HP: 17/76 MP: 22/30
 13174 | Lair:1   | Found a large runed translucent door.
 13174 | Lair:1   | Found a large runed translucent door.
 13179 | Lair:1   | Noticed Calixtus's ghost (journeyman DsFi)
 13362 | Lair:1   | Killed Calixtus's ghost
 13503 | Lair:2   | Noticed a seven-headed hydra
 13760 | Lair:2   | Reached skill level 5 in Evocations
 14215 | Lair:2   | Reached **** piety under Sif Muna
 14291 | Lair:2   | Learned a level 5 spell: Iskenderun's Battlesphere
 14299 | Lair:2   | Learned a level 7 spell: Orb of Destruction
 14367 | Lair:2   | Reached skill level 1 in Charms
 14482 | Lair:2   | Got a pitted falchion
 14483 | Lair:2   | Identified the cursed +2 falchion "Vaovvur" {vorpal, rPois
                  | rF+ rC+ Int-3} (You found it on level 2 of the Lair of
                  | Beasts)
 14592 | Lair:2   | Killed a seven-headed hydra
 14721 | Lair:2   | Got a smoking long sword
 14722 | Lair:2   | Identified the cursed +3 long sword of Springtime {vorpal,
                  | MR+ Int+2 Dex-2} (You found it on level 2 of the Lair of
                  | Beasts)
 14991 | Lair:2   | Reached skill level 11 in Conjurations
 15462 | Lair:3   | Found a staircase to the Shoals.
 15602 | Lair:3   | Found a blossoming altar of Fedhas.
 15637 | Lair:3   | Reached skill level 5 in Shields
 16359 | Lair:4   | Found a staircase to the Snake Pit.
 16554 | Lair:4   | Found a snail-covered altar of Cheibriados.
 17144 | Lair:5   | Noticed a six-headed hydra
 17150 | Lair:5   | Killed a six-headed hydra
 17150 | Lair:5   | Reached skill level 12 in Conjurations
 17150 | Lair:5   | Reached skill level 5 in Charms
 17150 | Lair:5   | Reached XP level 13. HP: 80/80 MP: 17/31
 17156 | Lair:5   | Found a staircase to the Slime Pits.
 17160 | Lair:5   | Found a viscous altar of Jiyva.
 17170 | Lair:5   | Reached ***** piety under Sif Muna
 17170 | Lair:5   | Received a gift from Sif Muna
 17501 | Lair:5   | Reached skill level 13 in Conjurations
 18105 | Lair:6   | Entered Level 6 of the Lair of Beasts
 18142 | Lair:6   | Noticed Rupert
 18145 | Lair:5   | Upgraded the game from 0.25-a0-478-g33c61bd to
                  | 0.25-a0-479-g8579842
 18454 | Lair:6   | Killed Rupert
 18454 | Lair:6   | Reached skill level 14 in Conjurations
 18699 | Lair:6   | Noticed Nessos
 18705 | Lair:6   | Killed Nessos
 19332 | Lair:6   | Reached skill level 15 in Conjurations
 20388 | Lair:6   | Reached XP level 14. HP: 56/86 MP: 19/32
 20401 | Lair:6   | Reached skill level 16 in Conjurations
 20668 | Lair:6   | Slain by a dire elephant

Levels and vault maps discovered:
D:1:      minmay_arrival_glassed_features, layout_basic
D:2:      layout_basic, lemuel_coloured_pillars_altar, grunt_ministairs_15,
          hangedman_decor_growths, minmay_cut_off
D:3:      layout_rooms, first_ration, uniq_grinder, uniq_terence
D:4:      layout_rooms, grunt_temple_overflow_open, serial_aquarium,
          aquarium_bridge_long_separate [aquarium_subvault_bridge,
          aquarium_subvault_wall, aquarium_subvault_wall,
          aquarium_subvault_wall, aquarium_subvault_bridge,
          aquarium_subvault_wall], aquarium_window_2,
          aquarium_window_corridor_1, aquarium_view_2g, aquarium_pool_split,
          uniq_ijyb
D:5:      layout_basic, uniq_eustachio
D:6:      layout_rooms
D:7:      layout_basic, minmay_temple_entry_poolview
D:8:      layout_loops_corners
D:9:      layout_roguey, serial_shops, nicolae_shop_behind_doors,
          hangedman_ranch [blue_anna_fruit_fields], minivault_10
D:10:     layout_grid_maze, erik_orc_2, serial_shops, kennysheep_little_box
D:11:     layout_loops_ring, lair_entry_dummy, portal_ice_cave_demonic_guard,
          uniq_erica
Temple:   compressed_dpeg_circular_temple
Lair:1:   layout_misc_corridors, ebering_ghost_disaster_area,
          chequers_serial_rivers_micro_a, uniq_gastronok, uniq_sonja
Lair:2:   layout_roguey [special_room_bee]
Lair:3:   layout_cave_shapes, minmay_shoals_entry_centaurs, tgw_fedhas
Lair:4:   layout_misc_corridors, dummy_snake_entry, kennysheep_snail_temple,
          grunt_megastairs_4
Lair:5:   layout_long_grid, slime_altar_1
Lair:6:   grunt_lair_end_beastmaster, layout_regular_city, serial_bayou_shore_a,
          grunt_megastairs_3, uniq_rupert, uniq_nessos

Skill      XL: |  1  2  3  4  5  6  7  8  9 10 11 12 13 14 |
---------------+-------------------------------------------+-----
Conjurations   | 5 6 8 9 10 12 15 16 | 16.2
Spellcasting   | 6 11 12 | 12.1
Fighting       | 6 8 9 |  9.5
Fire Magic     | 6 10 | 10.1
Shields        | 3 5 |  5.9
Evocations     | 4 5 |  5.4
Charms         | 5 6 |  6.3
Dodging        | |  2.4
Stealth        | |  2.4

Action                   |  1- 3 |  4- 6 |  7- 9 | 10-12 | 13-15 || total
-------------------------+-------+-------+-------+-------+-------++-------
Melee: Short sword       |    25 |    24 |       |       |       ||    49
       Dagger            |       |       |    87 |    38 |       ||   125
       Falchion          |       |       |       |    24 |       ||    24
       Long sword        |       |       |       |    20 |    29 ||    49
Throw: Dart              |       |       |     2 |     8 |     1 ||    11
 Cast: Magic Dart        |    64 |    62 |    63 |   148 |    71 ||   408
       Searing Ray       |       |    14 |    61 |   190 |    75 ||   340
       Conjure Flame     |       |       |       |    12 |     2 ||    14
       Iskenderun's Batt |       |       |       |     8 |    19 ||    27
       Orb of Destructio |       |       |       |       |    10 ||    10
Invok: Channel Magic     |       |       |       |       |     1 ||     1
Evoke: Wand              |       |       |     1 |     4 |       ||     5
  Use: Scroll            |     5 |     2 |     9 |    13 |     2 ||    31
       Potion            |       |       |     2 |       |       ||     2
 Stab: Sleeping          |       |       |     2 |       |       ||     2
       Distracted        |       |       |     1 |     1 |       ||     2
  Eat: Chunk             |     2 |     7 |    15 |    19 |    11 ||    54
       Ration            |       |       |       |     2 |     2 ||     4
Armor: Robe              |     2 |     1 |       |       |       ||     3
       Leather armour    |       |     3 |    30 |    97 |    84 ||   214
Dodge: Dodged            |    31 |    22 |   111 |   197 |   173 ||   534
Block: Shield            |       |       |    14 |   116 |       ||   130
       Rpst.: Falchion   |       |       |       |    11 |       ||    11
       Long sword        |       |       |       |    15 |    47 ||    62
       Scimitar          |       |       |       |     1 |       ||     1

Table legend:
 A = Non-vault XP
 B = Vault XP
 C = Vault XP percentage of total XP
 D = Non-vault monster count
 E = Vault monster count
 F = Vault count percentage of total count
                 A         B        C        D         E       F
            +---------+---------+-------+---------+---------+-------
      Total |   37799 |   29932 |  44.2 |     335 |     107 |  24.2
            +---------+---------+-------+---------+---------+-------
        D:1 |      51 |       0 |   0.0 |      29 |       0 |   0.0
        D:2 |      94 |      25 |  21.0 |      19 |       7 |  26.9
        D:3 |      86 |     303 |  77.9 |      20 |       2 |   9.1
        D:4 |     524 |      38 |   6.8 |      15 |       1 |   6.2
        D:5 |     448 |     182 |  28.9 |      11 |       1 |   8.3
        D:6 |    1819 |       0 |   0.0 |      31 |       0 |   0.0
        D:7 |     837 |       0 |   0.0 |      15 |       0 |   0.0
        D:8 |     772 |       0 |   0.0 |      15 |       0 |   0.0
        D:9 |    1355 |    2190 |  61.8 |      29 |       8 |  21.6
       D:10 |    2602 |     767 |  22.8 |      29 |      20 |  40.8
       D:11 |    3323 |    1981 |  37.3 |      25 |       6 |  19.4
     Lair:1 |    2710 |    4061 |  60.0 |       6 |       3 |  33.3
     Lair:2 |    4053 |    1753 |  30.2 |      17 |      25 |  59.5
     Lair:3 |    1728 |    1016 |  37.0 |       7 |       5 |  41.7
     Lair:4 |    2099 |    2987 |  58.7 |      12 |       7 |  36.8
     Lair:5 |    9400 |    1292 |  12.1 |      28 |       3 |   9.7
     Lair:6 |    5898 |   13337 |  69.3 |      27 |      19 |  41.3
            +---------+---------+-------+---------+---------+-------
